AoeStats
← BGUS_Life is so hard

Nomad

504399506Analyzed
4v4 RM · 26d ago on Sep 5, 2026· 37m 59s· 8 players
Game mode
Random Map
Map size
231×231
Population
200
Speed
Normal
Resources
Standard
Victory
Conquest
Starting age
Dark Age
Ending age
Imperial Age
RankedLock teamsTeams togetherTeam positionsShared explorationLock speedFull tech treeHidden civsTurbo modeCheats
Victory
Defeat
🇨🇳 Bulgarians · China
1763
+7
🇨🇳 Romans · China
1662
+10
🇨🇳 Slavs · China
1636
+11
🇨🇳 Franks · China
1626
+11
🇻🇳 Maya · Vietnam
1562
-12
🇺🇸 Vietnamese · United States
1547
-10
🇦🇺 Koreans · Australia
1520
-9
🇹🇼 Poles · Taiwan
1462
-8
Gờ Gờ
5:31 Loom
13:15 Feudal Age
17:00 Castle Age
19:25 Fletching
22:08 Gold Mining
22:10 Stone Mining
22:09 Double-Bit Axe
28:13 Wheelbarrow
27:50 Gold Mining
31:19 Town Watch
Eat_Rice
4:57 Loom
12:33 Feudal Age
17:36 Castle Age
16:39 Double-Bit Axe
17:27 Gold Mining
18:47 Bow Saw
19:55 Ballistics
21:26 Fletching
25:07 Bodkin Arrow
26:43 Horse Collar
28:49 Wheelbarrow
35:20 Imperial Age
33:43 Scale Barding Armor
35:47 Bloodlines
36:32 Chain Barding Armor
BGUS_Life is so hard
6:10 Loom
13:08 Feudal Age
18:53 Castle Age
17:55 Double-Bit Axe
18:26 Horse Collar
20:45 Bow Saw
22:32 Heavy Plow
29:09 Wheelbarrow
34:14 Imperial Age
32:15 Husbandry
32:25 Bloodlines
32:56 Scale Barding Armor
33:01 Forging
34:03 Szlachta Privileges
JENIX
11:31 Loom
13:48 Feudal Age
18:29 Castle Age
16:47 Fletching
18:57 Gold Mining
18:55 Fishing Lines
20:04 Double-Bit Axe
22:29 Bodkin Arrow
21:59 Crossbowman
33:53 Wheelbarrow
西溪梨
14:08 Feudal Age
17:50 Castle Age
15:56 Fishing Lines
16:53 Scale Barding Armor
16:40 Double-Bit Axe
19:01 Forging
20:58 Gold Mining
25:09 Chain Barding Armor
25:33 Bow Saw
26:27 Light Cavalry
29:48 Husbandry
32:52 Wheelbarrow
32:03 Loom
32:33 Stone Mining
35:53 Hand Cart
36:30 Iron Casting
mongo
4:59 Loom
13:59 Feudal Age
17:28 Castle Age
15:18 Double-Bit Axe
17:27 Scale Mail Armor
16:52 Man-at-Arms
17:53 Long Swordsman
36:07 Wheelbarrow
37:05 Hand Cart
Perseus_LC
4:42 Loom
13:51 Feudal Age
26:45 Castle Age
25:17 Double-Bit Axe
25:29 Gold Mining
25:47 Stone Mining
27:45 Bow Saw
28:56 Wheelbarrow
31:03 Horse Collar
37:22 Imperial Age
35:44 Stone Shaft Mining
35:47 Gold Shaft Mining
35:23 Heavy Plow
35:58 Husbandry
36:08 Bloodlines
36:04 Scale Barding Armor
36:10 Forging
37:05 Chain Barding Armor
38:11 Hand Cart
38:46 Iron Casting
Player86688262
4:32 Loom
14:22 Feudal Age
18:36 Castle Age
33:21 Double-Bit Axe
35:18 Wheelbarrow
36:52 Horse Collar
37:24 Bow Saw
38:33 Heavy Plow
Connection lost

Rejoining the realm…

Still unreachable

The connection could not be restored.

Session expired

The server has moved on; the page needs a fresh start.